AoeStats
← infolutz

Nomad

510025663Analyzed
4v4 RM · 3d ago on Sep 29, 2026· 78m 13s· 8 players
Game mode
Random Map
Map size
231×231
Population
200
Speed
Normal
Resources
Standard
Victory
Conquest
Starting age
Dark Age
Ending age
Imperial Age
RankedLock teamsTeams togetherTeam positionsShared explorationLock speedFull tech treeHidden civsTurbo modeCheats
Victory
Defeat
🇧🇷 Celts · Brazil
795
+14
🇧🇷 Magyars · Brazil
786
+14
🇨🇴 Varangians · Colombia
757
+15
🇦🇷 Persians · Argentina
749
+16
🇺🇸 Koreans · United States
793
-18
🇺🇸 Vikings · United States
786
-16
🇺🇸 Teutons · United States
707
-13
🇺🇸 Dravidians · United States
682
-12
Junran
9:47 Loom
15:32 Feudal Age
15:53 Double-Bit Axe
17:04 Gold Mining
19:23 Horse Collar
22:38 Castle Age
24:23 Bloodlines
24:34 Fishing Lines
25:23 Husbandry
26:07 Bow Saw
26:01 Crossbowman
27:09 Forging
27:27 Scale Barding Armor
29:05 Wheelbarrow
32:37 Light Cavalry
34:14 Heavy Plow
37:29 Imperial Age
37:30 Iron Casting
37:57 Elite War Elephant
41:11 Conscription
40:40 Cavalier
41:59 Fletching
42:31 Chain Barding Armor
43:12 Crop Rotation
44:41 Kamandaran
46:33 Bodkin Arrow
47:11 Hand Cart
48:16 Chemistry
47:37 Ballistics
54:16 Blast Furnace
53:54 Plate Barding Armor
53:59 Savar
57:11 Padded Archer Armor
56:47 Hussar
74:27 Spies/Treason
77:14 Siphons
77:22 Elite Cannon Galleon
77:28 Demolition Ship
78:23 Medium Warships
77:58 Heavy Demolition Ship
infolutz
18:56 Feudal Age
18:11 Loom
21:06 Wheelbarrow
24:40 Castle Age
22:40 Stone Mining
22:44 Gold Mining
22:43 Double-Bit Axe
22:43 Fishing Lines
26:21 Husbandry
31:51 Imperial Age
36:06 Capped Ram
37:18 Heavy Scorpion
38:05 Padded Archer Armor
37:56 Fletching
39:11 Pikeman
45:59 Siege Ram
48:11 Chemistry
47:31 Ballistics
55:54 Elite Skirmisher
62:01 Furor Celtica
61:44 Stronghold
64:20 Elite Woad Raider
65:14 Siege Engineers
65:24 Fortified Wall
68:27 Leather Archer Armor
68:08 Bodkin Arrow
68:14 Scale Mail Armor
68:20 Scale Barding Armor
68:25 Forging
68:49 Coinage
68:20 Caravan
70:35 Town Watch
71:12 Hand Cart
71:33 Banking
71:14 Guilds
70:32 Halberdier
70:57 Arson
70:58 Gambesons
72:59 Careening
73:06 Clinker Construction
73:32 Medium Warships
75:04 Heavy Warships
76:10 Carvel Hull
78:01 Dry Dock
Tamor
11:40 Loom
14:35 Feudal Age
16:22 Fishing Lines
23:10 Man-at-Arms
38:54 Wheelbarrow
42:11 Double-Bit Axe
49:31 Castle Age
50:08 Scale Barding Armor
50:56 Hand Cart
51:07 Husbandry
51:18 Bloodlines
51:40 Bow Saw
53:31 Chain Barding Armor
53:36 Town Watch
54:17 Horse Collar
62:51 Gold Mining
62:55 Stone Mining
63:09 Town Patrol
63:44 Heavy Plow
69:51 Imperial Age
68:24 Treadmill Crane
68:55 Masonry
70:59 Conscription
70:04 Elite Magyar Huszar
72:45 Siege Engineers
72:41 Murder Holes
74:36 Plate Barding Armor
76:10 Two-Man Saw
75:46 Crop Rotation
77:21 Gold Shaft Mining
Ing. Felipe Peralta
4:11 Loom
15:56 Feudal Age
16:29 Double-Bit Axe
16:51 Fishing Lines
21:07 Castle Age
19:06 Arson
20:34 Stone Mining
22:38 Wheelbarrow
21:58 Gillnets
22:36 Husbandry
22:51 Gold Mining
23:41 Forging
24:48 Hand Cart
25:31 Bow Saw
28:41 Bloodlines
30:26 Squires
34:40 Imperial Age
31:58 Light Cavalry
34:51 Cavalier
37:27 Horse Collar
37:23 Hussar
39:05 Elite Jarl
41:12 Elite Varangian Guard
41:40 Gambesons
42:33 Iron Casting
41:59 Scale Mail Armor
42:05 Scale Barding Armor
42:01 Padded Archer Armor
42:15 Pikeman
42:59 Heavy Plow
44:03 Two-Man Saw
48:46 Halberdier
50:07 Stone Shaft Mining
51:20 Vendel Legacy
51:20 Gothikon
53:45 Crop Rotation
56:10 Chemistry
55:31 Ballistics
55:02 Heated Shot
54:54 Treadmill Crane
57:42 Coinage
57:23 Guilds
57:14 Caravan
57:40 Man-at-Arms
59:25 Conscription
60:11 Blast Furnace
59:32 Chain Barding Armor
59:30 Chain Mail Armor
59:32 Careening
59:32 Clinker Construction
66:49 Plate Mail Armor
66:54 Plate Barding Armor
66:35 Leather Archer Armor
66:10 Fletching
66:33 Masonry
66:28 Siege Engineers
66:18 Murder Holes
66:34 Fortified Wall
66:14 Guard Tower
66:30 Siphons
66:45 Shipwright
66:46 Dry Dock
67:02 Banking
69:34 Spies/Treason
69:47 Heavy Scorpion
69:47 Onager
69:48 Capped Ram
70:32 Atonement
69:57 Long Swordsman
70:25 Town Watch
72:52 Ring Archer Armor
72:17 Bodkin Arrow
74:21 Architecture
74:11 Carvel Hull
74:02 Incendiaries
73:17 Siege Ram
74:01 Devotion
74:36 Theocracy
73:57 Herbal Medicine
74:27 Illumination
74:13 Fervor
73:38 Elite Longship
74:30 Medium Warships
78:53 Heavy Warships
79:08 Heavy Warships
theTipsyAviator
3:59 Loom
15:51 Feudal Age
16:57 Man-at-Arms
19:05 Wheelbarrow
20:16 Forging
21:21 Arson
22:41 Fishing Lines
28:48 Castle Age
30:58 Gold Mining
31:04 Stone Mining
32:22 Iron Casting
31:39 Fletching
31:16 Long Swordsman
32:25 Gillnets
37:04 Pikeman
41:07 Imperial Age
41:34 Hand Cart
42:09 Bodkin Arrow
42:44 Shipwright
42:40 Clinker Construction
42:41 Careening
43:15 Double-Bit Axe
43:20 Horse Collar
44:48 Bow Saw
45:18 Stone Shaft Mining
45:20 Gold Shaft Mining
46:54 Chemistry
46:15 Ballistics
45:52 Murder Holes
46:13 Fortified Wall
46:42 Town Watch
47:09 Bracer
49:33 Halberdier
51:44 Eupseong
53:15 Two-Man Saw
52:20 Heavy Plow
54:05 Scale Mail Armor
55:19 Chain Mail Armor
57:47 Plate Mail Armor
59:30 Elite War Wagon
61:59 Arrowslits
62:02 Treadmill Crane
runswithbeer644
6:51 Loom
18:00 Feudal Age
18:28 Fishing Lines
19:33 Double-Bit Axe
20:26 Wheelbarrow
21:56 Gold Mining
22:30 Arson
27:17 Castle Age
26:28 Forging
26:19 Scale Mail Armor
26:39 Stone Mining
28:42 Squires
28:27 Gambesons
28:03 Pikeman
29:12 Hand Cart
29:42 Bow Saw
29:28 Gillnets
30:50 Medium Warships
37:45 Thumb Ring
41:06 Ballistics
40:39 Heated Shot
41:01 Clinker Construction
41:02 Careening
41:04 Murder Holes
41:21 Fortified Wall
42:29 Medical Corps
42:23 Fletching
42:34 Padded Archer Armor
42:40 Scale Barding Armor
44:30 Iron Casting
47:16 Imperial Age
45:45 Husbandry
48:32 Conscription
48:30 Bodkin Arrow
48:51 Leather Archer Armor
52:12 Bracer
53:35 Two-Man Saw
Cdubs33
2:59 Loom
16:33 Feudal Age
16:57 Fishing Lines
17:26 Double-Bit Axe
17:46 Horse Collar
22:42 Castle Age
20:34 Stone Mining
20:36 Gold Mining
21:16 Arson
23:29 Gambesons
23:45 Squires
23:06 Pikeman
24:09 Fletching
24:33 Forging
23:58 Elite Skirmisher
28:14 Wheelbarrow
29:24 Iron Casting
28:50 Scale Mail Armor
28:50 Padded Archer Armor
31:06 Heavy Plow
31:50 Scale Barding Armor
32:03 Bow Saw
32:19 Hand Cart
31:50 Town Watch
32:37 Gillnets
34:04 Chain Barding Armor
33:40 Bodkin Arrow
34:00 Leather Archer Armor
34:06 Leather Archer Armor
36:04 Stone Shaft Mining
36:31 Bloodlines
37:11 Ballistics
37:03 Masonry
36:44 Guard Tower
36:46 Heated Shot
42:41 Imperial Age
43:50 Ironclad
43:00 Elite Teutonic Knight
44:13 Chain Mail Armor
46:30 Chemistry
45:14 Cavalier
47:23 Two-Man Saw
46:55 Crop Rotation
47:29 Blast Furnace
48:45 Ring Archer Armor
48:47 Plate Mail Armor
48:52 Plate Barding Armor
51:20 Conscription
53:25 Siege Engineers
59:18 Halberdier
zapdolmayaa
4:14 Loom
14:27 Feudal Age
17:55 Double-Bit Axe
22:36 Castle Age
21:46 Gold Mining
21:39 Horse Collar
21:58 Fletching
23:32 Town Watch
24:55 Heavy Plow
30:56 Stone Mining
37:24 Chieftains
40:03 Imperial Age
40:26 Scale Mail Armor
40:36 Forging
42:13 Conscription
41:14 Elite Berserk
44:01 Chain Mail Armor
44:22 Iron Casting
43:47 Padded Archer Armor
43:43 Bodkin Arrow
45:58 Plate Mail Armor
45:07 Elite Longship
46:19 Clinker Construction
46:20 Careening
46:35 Ballistics
45:57 Treadmill Crane
47:59 Gold Shaft Mining
55:43 Elite Varangian Guard
56:26 Squires
56:14 Arson
Connection lost

Rejoining the realm…

Still unreachable

The connection could not be restored.

Session expired

The server has moved on; the page needs a fresh start.